 Dungeon Crawl Stone Soup version 0.20.1-1-g8b1a95d (webtiles) character file.

57 tognito the Chopper (level 3, -3/31 HPs)
             Began as a Minotaur Berserker on July 5, 2017.
             Was a Follower of Trog.
             Slain by Sigmund
             ... wielding a +0 scythe
              (5 damage)
             ... on level 2 of the Dungeon.
             The game lasted 00:01:45 (987 turns).

tognito the Chopper (Minotaur Berserker)             Turns: 987, Time: 00:01:46

Health: -3/31      AC: 11    Str: 22    XL:     3   Next: 73%
Magic:  2/2        EV:  7    Int:  4    God:    Trog [*.....]
Gold:   11         SH:  0    Dex:  9    Spells: 2/2 levels left

rFire    . . .     SeeInvis .   a - +0 hand axe
rCold    . . .     Gourm    .   (no shield)
rNeg     . . .     Faith    .   h - +0 plate armour
rPois    .         Spirit   .   (helmet restricted)
rElec    .         Reflect  .   (no cloak)
rCorr    .         Harm     .   (no gloves)
MR       .....                  (no boots)
Stlth    ..........             (no amulet)
Regen    0.1/turn               (no ring)
MPRegen  0.1/turn               (no ring)

@: berserk cooldown, slowed, very slow
A: retaliatory headbutt, horns 2
a: Berserk, Burn Spellbooks, Renounce Religion


You were on level 2 of the Dungeon.
You worshipped Trog.
Trog was aware of your devotion.
You were very hungry.

You visited 1 branch of the dungeon, and saw 2 of its levels.

You collected 11 gold pieces.

Inventory:

Hand Weapons
 a - a +0 hand axe (weapon)
Armour
 h - a +0 plate armour (worn)
Scrolls
 b - a scroll of amnesia {unknown}
 d - a scroll of fog {unknown}
 e - a scroll of remove curse {unknown}
 f - 2 scrolls of noise {unknown}
 g - a scroll of identify {unknown}
 i - a scroll of magic mapping {unknown}
 k - a scroll of enchant armour {unknown}
Comestibles
 c - a bread ration


   Skills:
 - Level 3.6 Fighting
 + Level 5.7 Axes
 - Level 2.4 Armour
 - Level 2.1 Dodging


You had 2 spell levels left.
You didn't know any spells.

Dungeon Overview and Level Annotations

Branches:
Dungeon (2/15)

Altars:
The Shining One

Annotations:
D:2 Sigmund


Innate Abilities, Weirdness & Mutations

You reflexively headbutt those who attack you in melee.
You have a pair of horns on your head.


Message History

You bump into the rock wall.
You feel less confused. Something hits you.
You closely miss something. Something hits you but does no damage.
You miss something. You headbutt something! Something hits you!
You closely miss something. Your headbutt misses something. Something hits you!
* * * LOW HITPOINT WARNING * * *
You hit something but do no damage. Your headbutt misses something.
You hear some strange, mumbled words.
Something tries to affect you, but you resist.
You slash something! You headbutt something.
Something hits you but does no damage.
It was a potion of curing.
You feel better.
You hear some strange, mumbled words.
A magic dart appears from out of thin air!
The magic dart hits you! Something hits you but does no damage.
You barely miss something. Something hits you!
* * * LOW HITPOINT WARNING * * *
You closely miss something. Your headbutt misses something. Something hits you.
You die...

#..
#)#
#.#
#.#
#.#
#.#
#{#
#@#
#.#
#.#
#.#
#.#
#.#
#.#
#.#
#.#


There were no monsters in sight!

Vanquished Creatures
  Jessica (D:2)
  An adder (D:2)
  A dart slug (D:1)
  A leopard gecko (D:1)
  A giant cockroach (D:1)
  5 hobgoblins (D:1)
  2 kobolds (D:1)
  2 bats
  4 frilled lizards (D:1)
  3 rats
21 creatures vanquished.

Notes
Turn   | Place    | Note
-------+----------+-------------------------------------------
     0 | D:1      | tognito the Minotaur Berserker began the quest for the Orb.
     0 | D:1      | Reached XP level 1. HP: 19/19 MP: 0/0
   268 | D:1      | Reached skill level 4 in Axes
   486 | D:1      | Reached XP level 2. HP: 26/26 MP: 1/1
   871 | D:2      | Reached skill level 5 in Axes
   871 | D:2      | Reached XP level 3. HP: 30/31 MP: 2/2
   877 | D:2      | Found a glowing golden altar of the Shining One.
   892 | D:2      | Noticed Jessica
   897 | D:2      | Killed Jessica
   965 | D:2      | Noticed Sigmund
   987 | D:2      | Slain by Sigmund

Skill      XL: |  1  2 |
---------------+-------+-----
Axes           | 4 5 |  5.7
Fighting       | |  3.6
Armour         | |  2.4
Dodging        | |  2.1

Action                   || total
-------------------------++-------
Melee: Hand axe          ||    79
       Headbutt          ||    10
Invok: Berserk           ||     1
  Use: Potion            ||     1
Armor: Plate armour      ||    63
       Animal skin       ||     1
Dodge: Dodged            ||    13
